 Dungeon Crawl Stone Soup version 0.27-a0-686-gaed091b46b (webtiles) character file.

Game seed: 2077154387242717628

2 Zdeegee the Gusty (level 1, -2/10 HPs)
             Began as a Deep Elf Air Elementalist on Mar 20, 2021.
             Killed from afar by a dart slug (7 damage)
             ... with a slug dart
             ... on level 1 of the Dungeon.
             The game lasted 00:00:41 (142 turns).

Zdeegee the Gusty (Deep Elf Air Elementalist)        Turns: 142, Time: 00:00:41

Health: -2/10      AC:  2    Str:  5    XL:     1   Next: 33%
Magic:  6/6        EV: 12    Int: 19    God:
Gold:   28         SH:  0    Dex: 15    Spells: 5/6 levels left

rFire    . . .     SeeInvis .   (no weapon)
rCold    . . .     Faith    .   (no shield)
rNeg     . . .     Spirit   .   a - +0 robe
rPois    .         Reflect  .   (no helmet)
rElec    .         Harm     .   (no cloak)
rCorr    .         Rampage  .   (no gloves)
Will     .....                  (no boots)
Stlth    ++........             (no amulet)
HPRegen  0.03/turn              (no ring)
MPRegen  0.10/turn              (no ring)

@: no status effects
A: no striking features
a: no special abilities


You were on level 1 of the Dungeon.
You visited 1 branch of the dungeon, and saw 1 of its levels.

You collected 28 gold pieces.

Inventory:

Armour
 a - a +0 robe (worn)


   Skills:
 * Level 2.4 Dodging
 + Level 2.4 Stealth
 * Level 3.0 Spellcasting
 * Level 1.1 Conjurations
 * Level 3.1 Air Magic


You had 5 spell levels left.
You knew the following spells:

 Your Spells              Type           Power      Damage    Failure   Level
a - Shock                 Conj/Air       40%        1d5       6%          1

Your spell library contained the following spells:

 Spells                   Type           Power      Damage    Failure   Level
 Swiftness                Air            14%        N/A       6%          2
 Static Discharge         Conj/Air       10%        N/A       19%         3
 Airstrike                Air            7%         N/A       38%         4
 Lightning Bolt           Conj/Air       5%         1d17      87%         5


Dungeon Overview and Level Annotations

Branches:
Dungeon (1/15)

Altars:


Message History

Unknown command.
Casting: Shock (safe; 6% risk of failure)
Confirm with . or Enter, or press ? or * to list all spells.
You can't see any susceptible monsters within range! (Use Z to cast anyway.) Unknown command.
Things that are here:
4 stones; a kobold corpse 2 jackals, an ooze and a dart slug come into view.
The jackal barks! x2
A jackal comes into view.
A dart slug comes into view.
The dart slug launches a dart at you. The slug dart hits you.
Ouch! That really hurt!
The ooze moves out of view.
The jackal misses you.
A jackal comes into view.
The jackal closely misses you.
The jackal moves out of view.
The jackal closely misses you. The jackal barely misses you.
The jackal bites you. The jackal closely misses you.
Casting: Shock (safe; 6% risk of failure)
Confirm with . or Enter, or press ? or * to list all spells.
Aiming: Shock (safe; 6% risk of failure)
Press: ? - help, Shift-Dir - straight line, f - jackal
Aim: a jackal (40% to evade)
Okay, then.
You aren't carrying any scrolls.
You aren't carrying any scrolls.
You aren't carrying any potions.
The jackal closely misses you. The jackal barely misses you.
The jackal closely misses you. The jackal barely misses you.
Things that are here:
4 stones; a kobold corpse The jackal barks!
The dart slug launches a dart at you. The slug dart hits you!
Ouch! That really hurt!
You die...

hh.#.##.....### ♣.... .
...#....###.### ♣..♣.
#.####h ........†..# ♣.♣.♣
....... .h.##....### ♣....
.......##.##..#....# ♣...≈
.............###...# ♣♣≈≈≈≈
......###.###w.....# ♣♣≈≈≈≈≈
w............wh....#♣♣≈≈≈≈≈≈
......####.@#(....##♣≈≈≈≈..♣
.... ##.hhh...# ♣≈≈≈.... ..
###.....##≈≈≈♣...♣ .
#.....## ♣...♣ ####### ♣.♣..
♣♣... ♣<♣.. ♣♣♣♣♣


You could see 2 dart slugs and 4 jackals.

Vanquished Creatures
  A leopard gecko (D:1)
  A kobold (D:1)
2 creatures vanquished.

Notes
Turn   | Place    | Note
-------+----------+-------------------------------------------
     0 | D:1      | Zdeegee the Deep Elf Air Elementalist began the quest for
                  | the Orb.
     0 | D:1      | Reached XP level 1. HP: 10/10 MP: 6/6
   142 | D:1      | Killed from afar by a dart slug

Illustrated notes

Levels and vault maps discovered:
D:1:      lemuel_arrival_river_ford, layout_rooms

Action                   || total
-------------------------++-------
 Cast: Shock             ||     5
Dodge: Dodged            ||     9

Table legend: (Time is in decaauts)
 A = Elapsed time spent in this place.
 B = Non-inter-level travel time spent in this place.
 C = Inter-level travel time spent in this place.
 D = Time resting spent in this place.
 E = Time spent auto-exploring this place.
 F = Levels seen in this place.
 G = Mean time per level.
                   A        B        C        D        E       F      G
               +--------+--------+--------+--------+--------+-----+--------+
         Total |    144 |    144 |      0 |      0 |    115 |   1 |  144.0 |
       Dungeon |    144 |    144 |      0 |      0 |    115 |   1 |  144.0 |
               +--------+--------+--------+--------+--------+-----+--------+

Top non-repeatable levels by time:
     D:1: 144 daAuts
